 Dungeon Crawl Stone Soup version 0.22.1-2-g9c5b331 (webtiles) character file.

593 tidbits the Caller (level 7, -7/51 HPs)
             Began as a Gnoll Summoner on Dec 5, 2018.
             Was an Initiate of Cheibriados.
             Mangled by an ogre
             ... wielding a +0 giant club
              (27 damage)
             ... on level 6 of the Dungeon.
             The game lasted 00:15:05 (1403 turns).

tidbits the Caller (Gnoll Summoner)                 Turns: 1403, Time: 00:15:06

Health: -7/51      AC:  5    Str: 11    XL:     7   Next: 39%
Magic:  11/24      EV: 15    Int: 21    God:    Cheibriados [......]
Gold:   104        SH:  0    Dex: 16    Spells: 7/17 levels left

rFire    . . .     SeeInvis .   a - +0 dagger (elec)
rCold    . . .     Gourm    .   (no shield)
rNeg     + . .     Faith    .   B - +2 robe {MR+}
rPois    .         Spirit   .   (no helmet)
rElec    .         Reflect  .   (no cloak)
rCorr    .         Harm     .   (no gloves)
MR       +....                  F - +0 pair of boots
Stlth    +++.......             (no amulet)
HPRegen  0.17/turn              q - ring of positive energy
MPRegen  0.19/turn              x - ring of magical power

@: slow
A: distributed training, fangs 1, strong nose
a: Bend Time, Renounce Religion


You were on level 6 of the Dungeon.
You worshipped Cheibriados.
Cheibriados was noncommittal.
You were not hungry.

You visited 2 branches of the dungeon, and saw 7 of its levels.

You collected 104 gold pieces.

Inventory:

Hand Weapons
 a - a +0 dagger of electrocution (weapon)
   (You took it off an orc priest on level 4 of the Dungeon)
 b - a +0 trident
 n - a +0 quarterstaff
Missiles
 e - 5 curare-tipped needles
 g - 12 needles of confusion
 k - 20 arrows
 p - 21 bolts
Armour
 d - a +0 robe
 h - a +0 ring mail
 j - a +0 shield
 B - a +2 robe of magic resistance (worn)
   (You found it on level 2 of the Dungeon)
 F - a +0 pair of boots (worn)
Jewellery
 q - a ring of positive energy (left hand)
   (You found it on level 5 of the Dungeon)
 x - a ring of magical power (right hand)
   (You found it on level 6 of the Dungeon)
Wands
 m - a wand of random effects (18)
 u - a wand of digging (18)
Scrolls
 r - a scroll of remove curse
 s - a scroll of amnesia {unknown}
 t - a scroll of immolation {unknown}
Potions
 f - a potion of degeneration {unknown}
 i - 2 potions of resistance
 l - 2 potions of cancellation
 o - 4 potions of brilliance
 v - a potion of agility {unknown}
 w - a potion of might {unknown}
Comestibles
 c - 4 rations


   Skills:
 + Level 2.4 Fighting
 + Level 2.4 Short Blades
 + Level 2.4 Long Blades
 + Level 2.4 Axes
 + Level 2.4 Maces & Flails
 + Level 2.4 Polearms
 + Level 2.4 Staves
 + Level 2.4 Slings
 + Level 2.4 Bows
 + Level 2.4 Crossbows
 + Level 2.4 Throwing
 + Level 2.4 Armour
 + Level 5.2 Dodging
 + Level 4.8 Stealth
 + Level 2.4 Shields
 + Level 2.4 Unarmed Combat
 + Level 5.6 Spellcasting
 + Level 2.0 Conjurations
 + Level 2.0 Hexes
 + Level 2.0 Charms
 + Level 7.4 Summonings
 + Level 2.0 Necromancy
 + Level 2.0 Translocations
 + Level 2.0 Transmutations
 + Level 2.0 Fire Magic
 + Level 2.0 Ice Magic
 + Level 2.0 Air Magic
 + Level 2.0 Earth Magic
 + Level 2.0 Poison Magic
 + Level 2.6 Invocations
 + Level 2.4 Evocations


You had 7 spell levels left.
You knew the following spells:

 Your Spells              Type           Power        Failure   Level  Hunger
a - Summon Small Mammal   Summ           ####         1%          1    None
c - Call Canine Familiar  Summ           #####...     1%          3    ##.....
i - Call Imp              Summ           #####...     1%          2    None
L - Summon Lightning Spi  Summ/Air       ####....     14%         4    ####...

Your spell library contained the following spells:

 Spells                   Type           Power        Failure   Level  Hunger
 Summon Guardian Golem    Hex/Summ       ####....     4%          3    ##.....
 Summon Ice Beast         Ice/Summ       ####....     14%         4    ####...


Dungeon Overview and Level Annotations

Branches:
Dungeon (6/15)             Temple (1/1) D:6

Altars:
Ashenzari
Cheibriados
Dithmenos
Elyvilon
Fedhas
Gozag
Hepliaklqana
Kikubaaqudgha
Makhleb
Qazlal
Ru
Trog
Uskayaw
Vehumet
Wu Jian
Xom
Yredelemnul
The Shining One
Lugonu

Annotations:
D:3 1 transporter, exclusion: 3 orcs, Sigmund


Innate Abilities, Weirdness & Mutations

Your experience applies equally to all skills.
You have very sharp teeth.
Your uncanny sense of smell can sniff out nearby items.


Message History

Cheibriados thoroughly appreciates the change of pace.
The water moccasin barely misses you.
You miss the water moccasin. Your bite misses the water moccasin.
The water moccasin is moderately wounded.
You feel sick. The water moccasin closely misses you.
Your lightning spire shoots out a bolt of lightning at the water moccasin!
The bolt of electricity hits the water moccasin.
You miss the water moccasin.
The water moccasin is severely wounded.
You feel sick. The water moccasin barely misses you.
The water moccasin bites you.
You are more poisoned.
The water moccasin poisons you!
You hit the water moccasin.
Lightning courses through the water moccasin!
You kill the water moccasin!
Cheibriados thoroughly appreciates the change of pace.
Your Conjurations skill increases to level 2!
Your Hexes skill increases to level 2!
Your Charms skill increases to level 2!
Your Necromancy skill increases to level 2!
Your Translocations skill increases to level 2!
Your Transmutations skill increases to level 2!
Your Fire Magic skill increases to level 2!
Your Ice Magic skill increases to level 2!
Your Air Magic skill increases to level 2!
Your Earth Magic skill increases to level 2!
Your Poison Magic skill increases to level 2!
You feel sick.
Unknown command.
Okay, then.
Unknown command.
Unknown command.
You feel sick.
Unknown command.
You feel sick.
Unknown command.
You feel sick.
You feel sick.
Your lightning spire disappears in a puff of smoke!
Found a potion of brilliance.
You feel sick.
You see here a steel ring.
Unknown command.
x - a steel ring You feel sick.
Put on which piece of jewellery? (? for menu, Esc to quit)
You feel your magic capacity increase.
x - a ring of magical power (right hand)
You feel sick.
You feel sick.
You feel sick.
Your hound disappears in a puff of smoke!
You feel sick.
You feel sick.
You feel sick.
You feel sick.
You feel sick.
Your magical contamination has completely faded away.
You see here a potion of brilliance.
o - 4 potions of brilliance (gained 1)
You feel sick.
You feel sick.
You feel sick.
You feel sick.
You feel sick.
An ogre comes into view. It is wielding a giant club.
Unknown command.
You feel sick.
You are no longer poisoned.
Found a whip.
The ogre shouts!
The ogre barely misses you.
Unknown command.
Casting: Summon Lightning Spire (safe; 14% risk of failure)
Confirm with . or Enter, or press ? or * to list all spells.
Okay, then.
Unknown command.
Okay, then.
Unknown command.
Unknown command.
Casting: Summon Lightning Spire (safe; 14% risk of failure)
Confirm with . or Enter, or press ? or * to list all spells.
Aiming: Summon Lightning Spire (safe; 14% risk of failure)
Press: ? - help, Dir - move target cursor, f - ogre
Aim: an ogre, wielding a giant club
Okay, then.
Unknown command.
Casting: Summon Lightning Spire (safe; 14% risk of failure)
Confirm with . or Enter, or press ? or * to list all spells.
Aiming: Summon Lightning Spire (safe; 14% risk of failure)
Press: ? - help, Dir - move target cursor
Okay, then.
Unknown command.
Casting: Summon Lightning Spire (safe; 14% risk of failure)
Confirm with . or Enter, or press ? or * to list all spells.
Aiming: Summon Lightning Spire (safe; 14% risk of failure)
Press: ? - help, Dir - move target cursor An electric hum fills the air.
The ogre hits you with a giant club!!
Ouch! That really hurt!
You die...

.#.## .#... ##...# ## #....# #.
#...# .... #. ####..# #..#
#.##.....# ##
##..########)#@.#...# .. ##....
.......O8##...# #.
#....###..###..###.#####.
##...(.##.%....##...# #..
.#...........## #.#.# #.#
......##.......##.#.###.#####
...##.....###...............##
...##.###.# ###..............###.
.#.##.##..#####.##...####........


You could see an ogre and a friendly lightning spire.

Vanquished Creatures
  A water moccasin (D:6)
  An ice beast (D:5)
  A phantom (D:4)
  3 hounds
  A jelly (D:5)
  An orc priest (D:4)
  An orc wizard (D:4)
  Ijyb (D:5)
  A worker ant (D:6)
  3 adders
  3 giant cockroaches
  2 goblins
  3 hobgoblins
  2 jackals (D:1)
  2 kobolds (D:2)
  A bat (D:3)
  2 frilled lizards
  A leopard gecko zombie (D:5)
  2 rats (D:3)
32 creatures vanquished.

Vanquished Creatures (collateral kills)
  Grinder (D:4)
  An orc priest (D:4)
  An orc wizard (D:4)
  5 adders
  An adder skeleton (D:5)
  A worm (D:3)
  A dart slug (D:2)
  A leopard gecko (D:3)
  An orc (D:3)
  A ball python (D:1)
  3 giant cockroaches
  A goblin (D:2)
  A hobgoblin (D:1)
  3 jackals (D:1)
  A quokka (D:6)
  2 bats
  2 frilled lizards
  3 kobolds
  4 rats
34 creatures vanquished.

Grand Total: 66 creatures vanquished

Notes
Turn   | Place    | Note
-------+----------+-------------------------------------------
     0 | D:1      | tidbits the Gnoll Summoner began the quest for the Orb.
     0 | D:1      | Reached XP level 1. HP: 13/13 MP: 6/6
   124 | D:1      | Reached XP level 2. HP: 13/19 MP: 4/7
   130 | D:1      | Learned a level 2 spell: Call Imp
   479 | D:1      | Reached XP level 3. HP: 25/25 MP: 6/9
   498 | D:1      | Reached skill level 5 in Spellcasting
   591 | D:3      | Noticed Sigmund
   603 | D:2      | Reached skill level 1 in Invocations
   618 | D:2      | Found a faded altar of an unknown god.
   621 | D:2      | Found an opulent altar of Gozag.
   621 | D:2      | Found a bloodstained altar of Trog.
   626 | D:2      | Found a hide-covered altar of Uskayaw.
   627 | D:2      | Found a shimmering altar of Xom.
   627 | D:2      | Found a radiant altar of Vehumet.
   627 | D:2      | Found a shattered altar of Ashenzari.
   627 | D:2      | Found an ornate altar of the Wu Jian Council.
   628 | D:2      | Found a sacrificial altar of Ru.
   629 | D:2      | Found a blossoming altar of Fedhas.
   630 | D:2      | Found a basalt altar of Yredelemnul.
   631 | D:2      | Found an ancient bone altar of Kikubaaqudgha.
   632 | D:2      | Found a stormy altar of Qazlal.
   684 | D:3      | Learned a level 3 spell: Call Canine Familiar
   714 | D:3      | Reached skill level 1 in Fighting
   714 | D:3      | Reached skill level 1 in Short Blades
   714 | D:3      | Reached skill level 1 in Long Blades
   714 | D:3      | Reached skill level 1 in Axes
   714 | D:3      | Reached skill level 1 in Maces & Flails
   714 | D:3      | Reached skill level 1 in Polearms
   714 | D:3      | Reached skill level 1 in Staves
   714 | D:3      | Reached skill level 1 in Slings
   714 | D:3      | Reached skill level 1 in Bows
   714 | D:3      | Reached skill level 1 in Crossbows
   714 | D:3      | Reached skill level 1 in Throwing
   714 | D:3      | Reached skill level 1 in Armour
   714 | D:3      | Reached skill level 1 in Shields
   714 | D:3      | Reached skill level 1 in Unarmed Combat
   714 | D:3      | Reached skill level 1 in Evocations
   722 | D:3      | Found a transporter.
   730 | D:3      | Reached XP level 4. HP: 17/32 MP: 8/11
   811 | D:4      | Reached skill level 1 in Conjurations
   811 | D:4      | Reached skill level 1 in Hexes
   811 | D:4      | Reached skill level 1 in Charms
   811 | D:4      | Reached skill level 1 in Necromancy
   811 | D:4      | Reached skill level 1 in Translocations
   811 | D:4      | Reached skill level 1 in Transmutations
   811 | D:4      | Reached skill level 1 in Fire Magic
   811 | D:4      | Reached skill level 1 in Ice Magic
   811 | D:4      | Reached skill level 1 in Air Magic
   811 | D:4      | Reached skill level 1 in Earth Magic
   811 | D:4      | Reached skill level 1 in Poison Magic
   817 | D:4      | Learned a level 4 spell: Summon Lightning Spire
   820 | D:4      | Reached XP level 5. HP: 27/37 MP: 10/12
   832 | D:4      | HP: 5/37 [orc priest/divine providence (11)]
   847 | D:4      | HP: 2/37 [orc priest/dagger of electrocution (19)]
   896 | D:4      | Found a bloodstained altar of Trog.
   929 | D:4      | Noticed Grinder
   947 | D:4      | Killed Grinder
   947 | D:4      | Reached skill level 2 in Invocations
   947 | D:4      | Reached XP level 6. HP: 29/44 MP: 10/13
   990 | D:5      | Entered Level 5 of the Dungeon
  1007 | D:4      | Noticed a phantom
  1012 | D:4      | Killed a phantom
  1012 | D:4      | Reached skill level 5 in Dodging
  1114 | D:5      | Noticed Ijyb
  1114 | D:5      | Noticed an ice beast
  1123 | D:5      | Killed an ice beast
  1123 | D:5      | Reached skill level 2 in Fighting
  1123 | D:5      | Reached skill level 2 in Short Blades
  1123 | D:5      | Reached skill level 2 in Long Blades
  1123 | D:5      | Reached skill level 2 in Axes
  1123 | D:5      | Reached skill level 2 in Maces & Flails
  1123 | D:5      | Reached skill level 2 in Polearms
  1123 | D:5      | Reached skill level 2 in Staves
  1123 | D:5      | Reached skill level 2 in Slings
  1123 | D:5      | Reached skill level 2 in Bows
  1123 | D:5      | Reached skill level 2 in Crossbows
  1123 | D:5      | Reached skill level 2 in Throwing
  1123 | D:5      | Reached skill level 2 in Armour
  1123 | D:5      | Reached skill level 2 in Shields
  1123 | D:5      | Reached skill level 2 in Unarmed Combat
  1123 | D:5      | Reached skill level 2 in Evocations
  1124 | D:5      | Killed Ijyb
  1170 | D:5      | Reached XP level 7. HP: 47/50 MP: 15/15
  1283 | D:6      | Found a staircase to the Ecumenical Temple.
  1295 | Temple   | Entered the Ecumenical Temple
  1311 | Temple   | Became a worshipper of Cheibriados the Contemplative
  1369 | D:6      | Reached skill level 2 in Conjurations
  1369 | D:6      | Reached skill level 2 in Hexes
  1369 | D:6      | Reached skill level 2 in Charms
  1369 | D:6      | Reached skill level 2 in Necromancy
  1369 | D:6      | Reached skill level 2 in Translocations
  1369 | D:6      | Reached skill level 2 in Transmutations
  1369 | D:6      | Reached skill level 2 in Fire Magic
  1369 | D:6      | Reached skill level 2 in Ice Magic
  1369 | D:6      | Reached skill level 2 in Air Magic
  1369 | D:6      | Reached skill level 2 in Earth Magic
  1369 | D:6      | Reached skill level 2 in Poison Magic
  1403 | D:6      | Mangled by an ogre

Skill      XL: |  1  2  3  4  5  6  7 |
---------------+----------------------+-----
Spellcasting   | 5 |  5.6
Invocations    | 1 2 |  2.6
Fighting       | 1 2 |  2.4
Short Blades   | 1 2 |  2.4
Long Blades    | 1 2 |  2.4
Axes           | 1 2 |  2.4
Maces & Flails | 1 2 |  2.4
Polearms       | 1 2 |  2.4
Staves         | 1 2 |  2.4
Slings         | 1 2 |  2.4
Bows           | 1 2 |  2.4
Crossbows      | 1 2 |  2.4
Throwing       | 1 2 |  2.4
Armour         | 1 2 |  2.4
Shields        | 1 2 |  2.4
Unarmed Combat | 1 2 |  2.4
Evocations     | 1 2 |  2.4
Conjurations   | 1 2 |  2.0
Hexes          | 1 2 |  2.0
Charms         | 1 2 |  2.0
Necromancy     | 1 2 |  2.0
Translocations | 1 2 |  2.0
Transmutations | 1 2 |  2.0
Fire Magic     | 1 2 |  2.0
Ice Magic      | 1 2 |  2.0
Air Magic      | 1 2 |  2.0
Earth Magic    | 1 2 |  2.0
Poison Magic   | 1 2 |  2.0
Dodging        | 5 |  5.2
Stealth        | |  4.8
Summonings     | |  7.4

Action                   |  1- 3 |  4- 6 |  7- 9 || total
-------------------------+-------+-------+-------++-------
Melee: Trident           |    59 |    24 |       ||    83
       Unarmed           |     3 |       |       ||     3
       Bite              |     4 |     4 |       ||     8
       Dagger            |       |    24 |    13 ||    37
       Punch             |       |       |     1 ||     1
 Cast: Summon Small Mamm |    26 |     4 |     1 ||    31
       Call Imp          |     6 |     1 |       ||     7
       Call Canine Famil |     1 |     4 |     1 ||     6
       Summon Lightning  |       |     3 |     2 ||     5
Evoke: Wand              |       |       |     3 ||     3
  Use: Potion            |     1 |     3 |       ||     4
       Scroll            |       |     7 |       ||     7
 Stab: Sleeping          |     7 |     2 |     1 ||    10
       Distracted        |       |     5 |       ||     5
       Paralysed         |       |       |     1 ||     1
  Eat: Ration            |       |     1 |       ||     1
Armor: Robe              |    11 |     4 |     1 ||    16
Dodge: Dodged            |    38 |    19 |     9 ||    66

Table legend:
 A = Turns spent in this place as a percentage of turns spent in the entire game.
 B = Non-inter-level travel turns spent in this place as a percentage of non-inter-level travel turns spent in the entire game.
 C = Inter-level travel turns spent in this place as a percentage of turns spent in this place.
 D = Turns resting spent in this place as a percentage of non-inter-level travel turns spent in this place.
 E = Turns spent auto-exploring this place as a percentage of non-inter-level travel turns spent in this place.
 F = Non-inter-level travel turns spent in this place divided by the number of levels of this place that you've seen.
                   A       B       C       D       E      F
               +-------+-------+-------+-------+-------+----------------------
         Total | 100.0 | 100.0 |   7.3 |   0.0 |   0.0 | 185.9
       Dungeon |  97.6 |  98.6 |   6.4 |   0.0 |   0.0 | 213.8
        Temple |   2.4 |   1.4 |  45.5 |   0.0 |   0.0 |  18.0
               +-------+-------+-------+-------+-------+----------------------

Table legend:
 A = Kills in this place as a percentage of kills in entire the game.
 B = Kills by you in this place as a percentage of kills by you in the entire game.
 C = Kills by friends in this place as a percentage of kills by friends in the entire game.
 D = Other kills in this place as a percentage of other kills in the entire game.
 E = Experience gained in this place as a percentage of experience gained in the entire game.
 F = Experience gained in this place divided by the number of levels of this place that you have seen.
                   A       B       C       D       E      F
               +-------+-------+-------+-------+-------+----------------------
         Total | 100.0 | 100.0 | 100.0 |   N/A | 100.0 | 121.1
       Dungeon | 100.0 | 100.0 | 100.0 |   N/A | 100.0 | 141.3
               +-------+-------+-------+-------+-------+----------------------

Vault maps used:
D:1:      lightli_arrival_flooded_house
D:2:      minitemple, chequers_ecumenical_altar_simple_redux
D:3:      gammafunk_ghost_stat_death, uniq_sigmund
D:4:      first_ration, bloody_trog, uniq_grinder
D:5:      uniq_eustachio, uniq_ijyb
D:6:      kennysheep_mini, zin_treasury, lemuel_doored_altar,
          minmay_temple_entry_glass, serial_shops, shop
Temple:   corrupted_temple
